 Dungeon Crawl Stone Soup version 0.30-a0-377-g5cb311bc9f (webtiles) character file.

Game seed: 6175653308385260348

100 qeuew the Trooper (level 4, -6/40 HPs)
             Began as a Hill Orc Fighter on Nov 30, 2022.
             Killed from afar by an orc wizard (8 damage)
             ... with a magic dart
             ... on level 3 of the Dungeon.
             The game lasted 00:02:05 (2204 turns).

qeuew the Trooper (Hill Orc Fighter)                Turns: 2204, Time: 00:02:06

Health: -6/40      AC:  7    Str: 20    XL:     4   Next: 73%
Magic:  5/5        EV:  9    Int:  8    God:
Gold:   68         SH:  4    Dex: 10    Spells: 3/3 levels left

rFire   . . .      SeeInvis .    a - +0 war axe
rCold   . . .      Faith    .    c - +0 buckler
rNeg    . . .      Spirit   .    b - +0 scale mail
rPois   .          Reflect  .    (no helmet)
rElec   .          Harm     .    (no cloak)
rCorr   .          Rampage  .    (no gloves)
Will    .....                    (no boots)
Stlth   ..........               (no amulet)
HPRegen 0.26/turn                (no ring)
MPRegen 0.09/turn                (no ring)

@: no status effects
A: no striking features
a: no special abilities


You were on level 3 of the Dungeon.
You visited 1 branch of the dungeon, and saw 3 of its levels.

You collected 68 gold pieces.

Inventory:

Hand Weapons
 a - a +0 war axe (weapon)
Armour
 b - a +0 scale mail (worn)
 c - a +0 buckler (worn)
Scrolls
 i - 2 scrolls of teleportation
 j - a scroll of blinking
Potions
 d - 2 potions of might
 e - 3 potions of curing
 f - a potion of ambrosia {unknown}
 g - a potion of invisibility {unknown}
 l - a potion of resistance


   Skills:
 + Level 4.2 Fighting
 + Level 3.6 Axes
 + Level 3.8 Armour
 + Level 1.1 Dodging
 + Level 3.8 Shields
 + Level 1.4 Invocations


You had 3 spell levels left.
You didn't know any spells.
Your spell library contained the following spells:

 Spells                   Type           Power      Damage    Failure   Level
 Cigotuvi's Dreadful Rot  Necr/Pois/Air  0%         N/A       94%         2
 Poisonous Vapours        Pois/Air       0%         N/A       94%         2
 Mephitic Cloud           Conj/Pois/Air  0%         N/A       99%         3


Dungeon Overview and Level Annotations

Branches:
Dungeon (3/15)

Altars:
Uskayaw


Message History

Something hits you but does no damage. The orc hits you with a +0 club.
* * * LOW HITPOINT WARNING * * *
The orc hits you but does no damage.
You slash the orc!
You kill the orc!
You miss the orc. You miss something. Something hits you but does no damage.
The orc hits you but does no damage. Something hits you but does no damage.
The orc barely misses you. The orc hits you but does no damage.
You slash the orc!
You kill the orc!
You completely miss something. You barely miss the orc.
Something hits you but does no damage. The orc barely misses you.
Unknown command.
You bump into the rock wall.
You feel less confused. The orc hits you with a +0 club.
* * * LOW HITPOINT WARNING * * *
You hear some strange, mumbled words.
A puff of flame appears from out of thin air!
The puff of flame hits you.
* * * LOW HITPOINT WARNING * * *
You hit the orc.
The orc is severely wounded.
You hit something but do no damage. The orc closely misses you.
Something hits you.
* * * LOW HITPOINT WARNING * * *
Something burns you.
* * * LOW HITPOINT WARNING * * *
You slash the orc!
You kill the orc!
You miss something. Something completely misses you. Something hits you.
* * * LOW HITPOINT WARNING * * *
Something burns you.
* * * LOW HITPOINT WARNING * * *
Unknown command.
You barely miss something.
You hear some strange, mumbled words.
A magic dart appears from out of thin air!
The magic dart hits you!
You die...

##### ## #... ..
######.#######.# .#
#.)@...........# #..
#####.{).....#..##<###.#
#.............>.##.....#
#.###.####.#.#....)....#
#)# #.#.##..###...# #.#
#.#.###.###...# ...
#....##........ ###
###########.... #####
#....


There were no monsters in sight!

Vanquished Creatures
  A hound (D:3)
  2 adders (D:2)
  4 orcs (D:3)
  3 endoplasms
  2 giant cockroaches
  7 goblins
  3 hobgoblins
  3 quokkas
  8 ball pythons
  3 bats
  3 frilled lizards
  3 kobolds
  5 rats (D:1)
47 creatures vanquished.

Notes
Turn   | Place    | Note
-------+----------+-------------------------------------------
     0 | D:1      | qeuew the Hill Orc Fighter began the quest for the Orb.
     0 | D:1      | Reached XP level 1. HP: 19/19 MP: 1/1
   256 | D:1      | Reached XP level 2. HP: 27/27 MP: 2/2
   810 | D:1      | Found a faded altar of an unknown god.
   916 | D:1      | Prayed at the altar of an unknown god.
   916 | D:1      | Became a worshipper of Uskayaw the Reveller
   916 | D:1      | Reached * piety under Uskayaw
  1125 | D:2      | Reached XP level 3. HP: 30/33 MP: 3/3
  1125 | D:2      | Fell from the grace of Uskayaw
  1206 | D:2      | Reached skill level 4 in Fighting
  1686 | D:2      | Reached skill level 1 in Dodging
  1855 | D:3      | Identified the +3 ring mail "Zejemmyl" {Harm rN+ Will-
                  | Dex+3}
  1933 | D:3      | Reached XP level 4. HP: 40/40 MP: 4/4
  1955 | D:3      | Reached skill level 1 in Invocations
  2203 | D:3      | HP: 2/40 [something (1)]
  2204 | D:3      | Killed from afar by an orc wizard

Illustrated notes

Levels and vault maps discovered:
D:1:      tarquinn_simple_flora_water_c, layout_loops_corners,
          basic_ecumenical_altar
D:2:      layout_loops_corners, minmay_misc_feat_pillars
D:3:      layout_loops_ring, lemuel_zombie_altar_yredelemnul

Skill      XL: |  1  2  3  4 |
---------------+-------------+-----
Axes           | 3 |  3.6
Fighting       | 4 |  4.2
Dodging        | 1 |  1.1
Invocations    | 1 |  1.4
Armour         | |  3.8
Shields        | |  3.8

Action                   |  1- 3 |  4- 6 || total
-------------------------+-------+-------++-------
Melee: War axe           |   128 |    35 ||   163
Invok: Renounce Religion |     1 |       ||     1
  Use: Scroll            |     7 |       ||     7
Armor: Scale mail        |    57 |    28 ||    85
Dodge: Dodged            |    63 |    19 ||    82
Block: Buckler           |    36 |     6 ||    42

Table legend: (Time is in decaauts)
 A = Elapsed time spent in this place.
 B = Non-inter-level travel time spent in this place.
 C = Inter-level travel time spent in this place.
 D = Time resting spent in this place.
 E = Time spent auto-exploring this place.
 F = Levels seen in this place.
 G = Mean time per level.
                   A        B        C        D        E       F      G
               +--------+--------+--------+--------+--------+-----+--------+
         Total |   2264 |   2158 |    106 |      0 |   1767 |   3 |  754.7 |
       Dungeon |   2264 |   2158 |    106 |      0 |   1767 |   3 |  754.7 |
               +--------+--------+--------+--------+--------+-----+--------+

Top non-repeatable levels by time:
     D:1: 966 daAuts
     D:2: 905 daAuts
     D:3: 393 daAuts
